[Event "Titled Tuesday Blitz July 20 2021"]
[White "Calderon, Zachary"]
[Black "Vlassov, Nikolai"]
[WhiteFideId "2076969"]
[BlackFideId "4103360"]
[WhiteElo "2195"]
[BlackElo "2407"]
[Result "0-1"]
[Round "02"]
[TimeControl "180+1"]
[Date "2021.07.21"]
[WhiteClock "0:00:02"]
[BlackClock "0:00:19"]

1. d4 Nf6 2. Bf4 g6 3. Nc3 d5 4. e3 Bg7 5. h4 h5 6. Nf3 c6 7. Bd3 Qb6 8. Qd2 Qxb2 9. Rb1 Qa3 10. Bc7 e6 11. Rb3 Qe7 12. Bg3 Ng4 13. e4 O-O 14. O-O Nd7 15. exd5 exd5 16. Re1 Qf6 17. Ne2 Nb6 18. Ne5 Bf5 19. Nxg4 Bxg4 20. Qg5 Qxg5 21. hxg5 Bxe2 22. Rxe2 Rfe8 23. c3 Rxe2 24. Bxe2 Re8 25. Kf1 Re7 26. Bd6 Rd7 27. Bc5 Nc8 28. a4 b6 29. Ba3 Bf8 30. Bc1 Nd6 31. a5 b5 32. Ba3 Nc4 33. Bxf8 Kxf8 34. Bxc4 dxc4 35. Rb2 Ke7 36. f4 Kd6 37. Kf2 Re7 38. a6 Kc7 39. d5 Kb6 40. dxc6 Kxc6 41. g3 Kb6 42. Rd2 Kxa6 43. Rd6+ Ka5 44. f5 gxf5 45. Rh6 b4 46. Rh7 bxc3 47. g6 c2 48. Rxf7 c1=Q 49. Rxe7 Qb2+ 50. Kg1 c3 51. g7 c2 52. Rxa7+ Kb6 0-1


[Site "https://www.chess.com"]

[Event "Titled Tuesday Blitz July 20 2021"]
[White "Chigaev, Maksim"]
[Black "FGHSMN"]
[WhiteFideId "4108116"]
[WhiteElo "2646"]
[BlackElo "2524"]
[Result "1/2-1/2"]
[Round "02"]
[TimeControl "180+1"]
[Date "2021.07.20"]
[WhiteClock "0:00:08"]
[BlackClock "0:00:12"]

1. d4 Nf6 2. c4 e6 3. Nf3 c5 4. g3 cxd4 5. Nxd4 a6 6. Bg2 Nc6 7. O-O Be7 8. b3 O-O 9. Bb2 Qc7 10. Nc3 d6 11. Rc1 Nxd4 12. Qxd4 Bd7 13. Rfd1 Rfd8 14. h3 Rac8 15. g4 Qb8 16. g5 Ne8 17. h4 b6 18. Qe3 b5 19. cxb5 axb5 20. Nd5 Bf8 21. Nb6 Rxc1 22. Rxc1 d5 23. Be5 Bd6 24. Nxd7 Rxd7 25. Bxd6 Nxd6 26. Qe5 Rd8 27. h5 Ne4 28. Qxb8 Rxb8 29. Bxe4 dxe4 30. a4 bxa4 31. bxa4 h6 32. gxh6 gxh6 33. Kg2 Kg7 34. Ra1 Kf6 35. a5 Kg5 36. a6 Kxh5 37. Kg3 Kg5 38. a7 Ra8 39. Ra5+ f5 40. f4+ exf3 41. exf3 e5 42. Rxe5 Rxa7 43. f4+ Kg6 44. Kh4 Ra4 45. Re6+ Kg7 46. Kh5 Rxf4 47. Rxh6 Rg4 48. Rb6 Rg1 49. Kh4 Kf7 50. Kh3 Rg4 51. Ra6 Kg7 52. Rb6 Rg5 53. Ra6 Kf7 54. Rb6 Ke7 55. Ra6 Kd7 56. Rb6 Kc7 57. Rf6 Kd7 58. Kh4 Rg4+ 59. Kh5 Rf4 60. Kg5 Rf1 61. Rxf5 Rxf5+ 62. Kxf5 1/2-1/2


[Site "https://www.chess.com"]

[Event "Titled Tuesday Blitz July 20 2021"]
[White "Darini, Pouria"]
[Black "Orantes Taboada, Francisco"]
[WhiteFideId "12502200"]
[BlackFideId "22274758"]
[WhiteElo "2489"]
[BlackElo "2073"]
[Result "1-0"]
[Round "02"]
[TimeControl "180+1"]
[Date "2021.07.21"]
[WhiteClock "0:00:18"]
[BlackClock "0:00:09"]

1. e4 c5 2. Nf3 Nc6 3. Bb5 a6 4. Bxc6 dxc6 5. d3 Qc7 6. O-O e5 7. a4 a5 8. Na3 Bd6 9. Nc4 Ne7 10. b3 O-O 11. Nfd2 Ng6 12. Nxd6 Qxd6 13. Nc4 Qc7 14. Qh5 Be6 15. g3 b5 16. Ne3 c4 17. dxc4 bxc4 18. bxc4 Rfd8 19. Bb2 f6 20. Bc3 Qf7 21. c5 Qe7 22. Rfd1 Qxc5 23. Rxd8+ Rxd8 24. Be1 Rd4 25. Qf3 Ne7 26. h4 Nc8 27. h5 Nb6 28. h6 Rxa4 29. Rb1 Rd4 30. hxg7 Kxg7 31. Nf5+ Bxf5 32. Qxf5 Rd6 33. Qg4+ Kf7 34. Qh5+ Kg7 35. Kg2 Qxc2 36. Qg4+ Kf7 37. Rxb6 Re6 38. Rb7+ Re7 39. Qh5+ Ke6 40. Qh3+ Kf7 41. Qxh7+ Ke6 42. Qxe7# 1-0


[Site "https://www.chess.com"]

[Event "Titled Tuesday Blitz July 20 2021"]
[White "Derige Kane, Yan"]
[Black "Komiagina, Maria"]
[WhiteFideId "20665431"]
[BlackFideId "4153987"]
[WhiteElo "2169"]
[BlackElo "2016"]
[Result "1-0"]
[Round "02"]
[TimeControl "180+1"]
[Date "2021.07.21"]
[WhiteClock "0:00:51"]
[BlackClock "0:00:07"]

1. d4 Nf6 2. Bg5 Ne4 3. Bf4 g6 4. Nd2 Nxd2 5. Qxd2 Bg7 6. Bh6 Bxh6 7. Qxh6 c5 8. Nf3 Qa5+ 9. c3 cxd4 10. Nxd4 Nc6 11. Nf3 b5 12. Qg7 Rf8 13. Ng5 Ba6 14. Nxh7 O-O-O 15. Nxf8 b4 16. e3 Bxf1 17. Kxf1 Qb5+ 18. Kg1 Ne5 19. h4 bxc3 20. bxc3 d6 21. h5 Qb2 22. Rf1 gxh5 23. Rxh5 Qxc3 24. Rxe5 dxe5 25. Qxf7 e4 26. Qxe7 Rd2 27. Qxe4 1-0


[Site "https://www.chess.com"]

[Event "Titled Tuesday Blitz July 20 2021"]
[White "Dong, Bao Nghia"]
[Black "Tarasova, Viktoriya"]
[WhiteFideId "12400343"]
[BlackFideId "4175840"]
[WhiteElo "2409"]
[BlackElo "2182"]
[Result "0-1"]
[Round "02"]
[TimeControl "180+1"]
[Date "2021.07.21"]
[WhiteClock "0:01:57"]
[BlackClock "0:02:02"]

1. d4 Nf6 2. c4 e6 3. Nc3 Bb4 4. Qb3 Bxc3+ 5. Qxc3 b6 6. f3 d5 7. e3 O-O 8. Bd3 Ba6 9. Ne2 dxc4 10. O-O cxd3 11. Nf4 Nbd7 12. Nxd3 Bxd3 13. Qxd3 c5 14. Rd1 cxd4 15. exd4 Nd5 16. Bd2 Rc8 17. a3 Qe7 18. Re1 Qd6 19. Re4 N7f6 20. Rh4 Rfd8 21. Re1 Ne7 22. Bc3 Ng6 0-1


[Site "https://www.chess.com"]

[Event "Titled Tuesday Blitz July 20 2021"]
[White "Wagner, Dinara"]
[Black "Melikhov, Evgeny V."]
[WhiteFideId "24157570"]
[BlackFideId "4122046"]
[WhiteElo "2260"]
[BlackElo "1965"]
[Result "0-1"]
[Round "02"]
[TimeControl "180+1"]
[Date "2021.07.21"]
[WhiteClock "0:00:39"]
[BlackClock "0:00:55"]

1. d4 Nf6 2. c4 e6 3. Nf3 d5 4. g3 dxc4 5. Bg2 Nc6 6. Qa4 Bb4+ 7. Bd2 Bd6 8. Qxc4 O-O 9. O-O e5 10. d5 Ne7 11. e4 Ng6 12. Nc3 a6 13. Qe2 h6 14. Rfd1 Nh7 15. Rac1 f5 16. exf5 Bxf5 17. Ne4 Nf6 18. Nc5 Rb8 19. Be3 Qe7 20. Qc4 Ng4 21. Ne6 Nxe3 22. fxe3 Rf7 23. Nd2 Re8 24. Ne4 Kh7 25. h3 Bxe6 26. dxe6 Qxe6 27. Nxd6 cxd6 28. Qxe6 Rxe6 29. Bd5 Rff6 30. Bxe6 Rxe6 31. Rc7 b5 32. Rf1 Re7 33. Rf7 Rxf7 34. Rxf7 d5 35. Rd7 d4 36. exd4 exd4 37. Rxd4 Ne5 38. b3 Nf3+ 39. Kf2 Nxd4 40. Ke3 Nc6 41. Ke4 Kg6 42. Kd5 Nb4+ 43. Kc5 Nxa2 44. Kb6 Nc1 45. Kxa6 Nd3 46. Kxb5 Kf5 47. Kc4 Ke4 48. b4 Nxb4 49. Kxb4 Kf3 50. Kc4 Kxg3 51. Kd4 Kxh3 52. Ke3 g5 53. Kf2 g4 54. Kg1 g3 55. Kh1 g2+ 56. Kg1 h5 57. Kf2 Kh2 58. Kf3 g1=Q 59. Kf4 Qg4+ 60. Ke5 Kg3 0-1


[Site "https://www.chess.com"]

[Event "Titled Tuesday Blitz July 20 2021"]
[White "Efremov, Vladislav"]
[Black "Leiva, Gianmarco"]
[WhiteFideId "44159935"]
[BlackFideId "3804399"]
[WhiteElo "2022"]
[BlackElo "2365"]
[Result "0-1"]
[Round "02"]
[TimeControl "180+1"]
[Date "2021.07.21"]
[WhiteClock "0:00:09"]
[BlackClock "0:00:12"]

1. d4 Nf6 2. c4 e6 3. Nf3 Bb4+ 4. Bd2 Be7 5. Nc3 c5 6. d5 b5 7. dxe6 fxe6 8. Nxb5 O-O 9. g3 Nc6 10. Bg2 d5 11. O-O Qb6 12. Bf4 Ba6 13. Nc7 Rad8 14. Nxe6 dxc4 15. Nxd8 Rxd8 16. Qc1 Nd4 17. Re1 Qe6 18. e3 Nc6 19. Ng5 Qc8 20. Bh3 Qb7 21. Ne6 Rd5 22. e4 Rh5 23. Ng5 h6 24. Be6+ Kf8 25. g4 Rxg5 26. Bxg5 hxg5 27. Qxg5 Nd4 28. Qg6 Nxe6 29. Qf5 Nd4 30. Qg6 Nf3+ 31. Kg2 Nh4+ 0-1


[Site "https://www.chess.com"]

[Event "Titled Tuesday Blitz July 20 2021"]
[White "Elgersma, Onno"]
[Black "Shahade, Gregory"]
[WhiteFideId "1053531"]
[BlackFideId "2009064"]
[WhiteElo "2453"]
[BlackElo "2703"]
[Result "1-0"]
[Round "02"]
[TimeControl "180+1"]
[Date "2021.07.21"]
[WhiteClock "0:00:09"]
[BlackClock "0:00:27"]

1. d4 Nf6 2. Nf3 g6 3. Bg5 Bg7 4. Nbd2 O-O 5. e3 d6 6. Be2 c5 7. c3 Nc6 8. O-O h6 9. Bh4 g5 10. Bg3 Nh5 11. a4 b6 12. Bc4 Nxg3 13. hxg3 d5 14. Bd3 Bg4 15. Qb1 a6 16. Bh7+ Kh8 17. Bf5 Bxf5 18. Qxf5 e6 19. Qd3 f5 20. Rab1 Qc7 21. b4 c4 22. Qc2 Ne7 23. b5 a5 24. Qa2 Nc8 25. Qa3 Nd6 26. Ne5 Bxe5 27. dxe5 Ne4 28. Nxe4 fxe4 29. Rbd1 Rf7 30. f4 exf3 31. Qd6 Qxd6 32. exd6 g4 33. gxf3 gxf3 34. Kf2 Rd8 35. Rh1 Kg7 36. Rh4 Rxd6 37. e4 Rfd7 38. e5 d4 39. exd6 dxc3 40. Rxc4 e5 41. Rc7 1-0


[Site "https://www.chess.com"]

[Event "Titled Tuesday Blitz July 20 2021"]
[White "Gabrielian, Artur"]
[Black "Perdomo, Carlos Andres"]
[WhiteFideId "4131002"]
[BlackFideId "4400852"]
[WhiteElo "2523"]
[BlackElo "2268"]
[Result "1-0"]
[Round "02"]
[TimeControl "180+1"]
[Date "2021.07.20"]
[WhiteClock "0:01:53"]
[BlackClock "0:00:25"]

1. e4 c5 2. Nc3 e6 3. Nge2 a6 4. g3 b5 5. Bg2 Bb7 6. O-O Nf6 7. d3 d5 8. Bg5 Be7 9. Bxf6 Bxf6 10. exd5 exd5 11. Nf4 Bxc3 12. bxc3 O-O 13. c4 Nd7 14. cxd5 c4 15. dxc4 bxc4 16. Rb1 Rb8 17. Qd4 Qc8 18. Rfe1 Qc5 19. Qxc5 Nxc5 20. Rb4 g5 21. Nh5 c3 22. Reb1 1-0


[Site "https://www.chess.com"]

[Event "Titled Tuesday Blitz July 20 2021"]
[White "Gadimbayli, Abdulla"]
[Black "Sukandar, Irine Kharisma"]
[WhiteFideId "13404938"]
[BlackFideId "7101937"]
[WhiteElo "2753"]
[BlackElo "2470"]
[Result "1-0"]
[Round "02"]
[TimeControl "180+1"]
[Date "2021.07.21"]
[WhiteClock "0:01:56"]
[BlackClock "0:01:35"]

1. e4 e5 2. Nf3 Nc6 3. Nc3 Nf6 4. d4 Bb4 5. Nxe5 Qe7 6. Qd3 Nxe5 7. dxe5 Qxe5 8. Bd2 Bxc3 9. Bxc3 Qxe4+ 10. Qxe4+ Nxe4 11. Bxg7 Rg8 12. Bd4 d5 13. f3 Nd6 14. Kf2 Bf5 15. c3 a6 16. g4 Be6 17. Bd3 O-O-O 18. Bxh7 Rge8 19. Bd3 f5 20. g5 Rg8 21. h4 Bf7 22. Be5 Be6 23. Rag1 c5 24. h5 Nf7 25. Bf6 Rde8 26. h6 Rg6 27. h7 Nh8 28. Rh6 Kd7 29. Rxg6 Nxg6 30. Rh1 Nh8 31. Rh6 Rf8 32. Bxh8 Rxh8 33. g6 1-0


[Site "https://www.chess.com"]

[Event "Titled Tuesday Blitz July 20 2021"]
[White "Garcia, Gabriel Gonzaga"]
[Black "Pulpan, Jakub"]
[WhiteFideId "2138956"]
[BlackFideId "302759"]
[WhiteElo "2455"]
[BlackElo "2708"]
[Result "1-0"]
[Round "02"]
[TimeControl "180+1"]
[Date "2021.07.21"]
[WhiteClock "0:02:44"]
[BlackClock "0:02:21"]

1. e4 e5 2. Nf3 Nc6 3. Bc4 Bc5 4. c3 Nf6 5. d4 exd4 6. cxd4 Bb4+ 7. Bd2 Bxd2+ 8. Nbxd2 d5 9. exd5 Nxd5 10. Qb3 Na5 11. Qa4+ Nc6 12. Qb3 Nce7 13. O-O O-O 14. Rfe1 c6 15. Re2 Nb6 16. Bxf7+ Rxf7 17. Rae1 Nbd5 18. Ng5 Qb6 19. Rxe7 Qxb3 20. Rxf7 Be6 21. Rxg7+ Kxg7 22. Nxe6+ Kf6 23. Nxb3 Rf8 1-0


[Site "https://www.chess.com"]

[Event "Titled Tuesday Blitz July 20 2021"]
[White "Garcia Ramos, Daniel"]
[Black "Lauridsen, Jesper Morch"]
[WhiteFideId "32010311"]
[BlackFideId "1401890"]
[WhiteElo "2321"]
[BlackElo "2280"]
[Result "1-0"]
[Round "02"]
[TimeControl "180+1"]
[Date "2021.07.21"]
[WhiteClock "0:00:05"]
[BlackClock "0:00:02"]

1. c4 Nf6 2. Nf3 g6 3. g3 c5 4. Bg2 Nc6 5. O-O d6 6. d4 cxd4 7. Nxd4 Bd7 8. Nc3 Bg7 9. Nc2 O-O 10. Bf4 Qc8 11. Qd2 Bh3 12. Rac1 Bxg2 13. Kxg2 Qe6 14. b3 Ne4 15. Nxe4 Qxe4+ 16. f3 Qe6 17. e4 f5 18. Qd5 Qxd5 19. exd5 Ne5 20. Bxe5 Bxe5 21. f4 Bf6 22. Rfe1 g5 23. Ne3 gxf4 24. gxf4 Bh4 25. Re2 Kh8 26. Kf3 Rf7 27. c5 dxc5 28. Rxc5 Raf8 29. Rc7 e5 30. Rxf7 e4+ 31. Kg2 Rxf7 32. Rd2 Bd8 33. d6 Kg7 34. Rd5 Kg6 35. a4 Rd7 36. Nxf5 Bb6 37. Ng3 e3 38. Kf3 Kf7 39. f5 Bd8 40. Ne4 Bf6 41. Kxe3 Bb2 42. Kf4 h6 43. b4 b6 44. a5 Ba3 45. axb6 axb6 46. Rd4 b5 47. Rd5 Bc1+ 48. Kg4 Bb2 49. Rxb5 Rd8 50. Rb7+ Kf8 51. Kh5 Bd4 52. Kxh6 Be5 53. Kg6 Bxh2 54. d7 Be5 55. Ng5 Bd4 56. Ne6+ Kg8 57. Nxd8 1-0


[Site "https://www.chess.com"]

[Event "Titled Tuesday Blitz July 20 2021"]
[White "Golubev, Mikhail"]
[Black "Sailer, Mike"]
[WhiteFideId "14100983"]
[BlackFideId "2012901"]
[WhiteElo "2374"]
[BlackElo "2109"]
[Result "1/2-1/2"]
[Round "02"]
[TimeControl "180+1"]
[Date "2021.07.21"]
[WhiteClock "0:00:35"]
[BlackClock "0:00:36"]

1. e4 d5 2. exd5 Qxd5 3. Nf3 Bg4 4. Be2 Nc6 5. d4 O-O-O 6. c4 Qa5+ 7. Bd2 Qf5 8. d5 Bxf3 9. Bxf3 Ne5 10. Be2 Nd3+ 11. Bxd3 Qxd3 12. Qe2 Qxe2+ 13. Kxe2 e6 14. dxe6 Re8 15. Rd1 Rxe6+ 16. Kf1 Nf6 17. Nc3 Bc5 18. Na4 Bd4 19. Bc3 Bxc3 20. Nxc3 Rhe8 21. Rd2 Ne4 22. Nxe4 Rxe4 23. b3 Rd8 24. Rad1 Rxd2 25. Rxd2 c6 26. g3 Kc7 27. Kg2 Re1 28. Kf3 Re6 29. h4 Rf6+ 30. Kg2 h5 31. f4 g6 32. Re2 Kd7 33. Kf3 Re6 34. Rd2+ Rd6 35. Re2 f5 36. Re3 Rd2 37. a4 b6 38. Rc3 c5 39. Ke3 Rg2 40. Rd3+ Ke7 41. Kf3 Rg1 42. Ke2 Rg2+ 43. Kf3 Rg1 44. Ke2 Rg2+ 45. Kf3 1/2-1/2


[Site "https://www.chess.com"]

[Event "Titled Tuesday Blitz July 20 2021"]
[White "Grabinsky, Aaron"]
[Black "Silva Lucena, Cristian"]
[WhiteFideId "2087090"]
[BlackFideId "2232588"]
[WhiteElo "2745"]
[BlackElo "2466"]
[Result "1-0"]
[Round "02"]
[TimeControl "180+1"]
[Date "2021.07.21"]
[WhiteClock "0:01:30"]
[BlackClock "0:00:47"]

1. b3 e5 2. Bb2 d6 3. e3 f5 4. d4 e4 5. h4 d5 6. c4 c6 7. Qd2 Nf6 8. Ba3 Bxa3 9. Nxa3 O-O 10. Nh3 Be6 11. Nf4 Bf7 12. Be2 Qd6 13. Nb1 a5 14. Nc3 a4 15. Nxa4 Nbd7 16. c5 Qc7 17. g3 Ra7 18. Kf1 Ng4 19. Kg2 Rfa8 20. Nc3 Ra3 21. Na4 b5 22. cxb6 Nxb6 23. Nc5 Nf6 24. Rhc1 g6 25. Rc2 h6 26. Rac1 g5 27. hxg5 hxg5 28. Nfe6 Qe7 29. Nxg5 Be8 30. Nh3 Kg7 31. Nf4 Bf7 32. Rh1 Nc8 33. Na4 Qd6 34. Rhc1 Ne7 35. Rc5 Nd7 36. Qb2 R3xa4 37. bxa4 Nxc5 38. Rxc5 Rxa4 39. Qb3 Ra5 40. Rxa5 1-0


[Site "https://www.chess.com"]

[Event "Titled Tuesday Blitz July 20 2021"]
[White "Gurevich, Dmitry"]
[Black "Kamara, Ansumana"]
[WhiteFideId "2000407"]
[BlackFideId "1622218"]
[WhiteElo "2506"]
[BlackElo "1935"]
[Result "1-0"]
[Round "02"]
[TimeControl "180+1"]
[Date "2021.07.21"]
[WhiteClock "0:01:30"]
[BlackClock "0:00:53"]

1. d4 Nf6 2. c4 g6 3. Nc3 Bg7 4. e4 d6 5. Nf3 O-O 6. Be2 e5 7. O-O Nc6 8. d5 Ne7 9. Ne1 Nd7 10. Be3 f5 11. f3 f4 12. Bf2 g5 13. Nb5 a6 14. Na7 h5 15. Nxc8 Rxc8 16. Rc1 Ng6 17. Nd3 b6 18. b4 Ra8 19. c5 bxc5 20. bxc5 Rf7 21. cxd6 cxd6 22. Rc6 Nf6 23. h3 g4 24. fxg4 Nxe4 25. gxh5 Nxf2 26. Nxf2 Nh4 27. Bg4 Qg5 28. Ne4 Qh6 29. Be6 f3 30. Rxf3 Nxf3+ 31. Qxf3 Rf8 32. Rc7 Qf4 33. Qxf4 exf4 34. Ng5 Bd4+ 35. Kf1 Kg7 36. Rxf7+ Rxf7 37. Nxf7 Kf6 38. Nxd6 a5 39. Ne4+ Ke5 40. Ng5 Kf6 41. Nf3 Bc3 42. Ke2 a4 43. Kd3 Bb2 44. Ke4 Bc1 45. Ne5 Kg5 46. Bg4 a3 47. d6 Kf6 48. d7 Ke7 49. Nc6+ Kd6 50. d8=Q+ Kxc6 51. Qc8+ Kd6 52. Qxc1 Ke7 53. Qxa3+ Kf6 54. Qd6+ Kg5 55. Qxf4+ Kh4 56. g3# 1-0


[Site "https://www.chess.com"]

[Event "Titled Tuesday Blitz July 20 2021"]
[White "Har-Zvi, Ronen"]
[Black "Ovchinnikov, Vsevolod"]
[WhiteFideId "2801485"]
[BlackFideId "24176842"]
[WhiteElo "2523"]
[BlackElo "2376"]
[Result "1-0"]
[Round "02"]
[TimeControl "180+1"]
[Date "2021.07.20"]
[WhiteClock "0:00:56"]
[BlackClock "0:00:03"]

1. Nf3 Nf6 2. c4 g6 3. Nc3 Bg7 4. g3 d5 5. Bg2 dxc4 6. Qa4+ c6 7. Qxc4 Be6 8. Qh4 h6 9. d3 Na6 10. Qa4 Qb6 11. O-O Qb4 12. Qc2 O-O 13. Bd2 Qb6 14. Be3 Qd8 15. Bd4 Nb4 16. Qa4 a5 17. a3 Nbd5 18. Be5 Ne8 19. Bxg7 Nxg7 20. Rac1 Nb6 21. Qc2 Qc7 22. Ne4 Rfd8 23. Nc5 Bd5 24. e4 Be6 25. h3 Nd7 26. Nxe6 Nxe6 27. d4 Nf6 28. Rfd1 Qb6 29. e5 Nd5 30. Rd2 a4 31. Rcd1 Kg7 32. h4 Ndc7 33. h5 g5 34. Qe4 Qb3 35. Bf1 Qd5 36. Qg4 Qd7 37. Qe4 Qd5 38. Qg4 Qd7 39. Bh3 Qd5 40. Qf5 Ra5 41. Qg4 Rb5 42. Nh4 Qd7 43. Nf5+ Kh7 44. Qe4 Kh8 45. Nxh6 Rf8 46. Nxf7+ Rxf7 47. Qg6 Rg7 48. Qf5 Qe8 49. h6 Rh7 50. d5 Rxd5 51. Rxd5 cxd5 52. Rc1 Rxh6 53. Bf1 Qg8 54. Qg4 Qh7 55. Bg2 Qd3 56. Rd1 Qc4 57. Qf5 Kg7 58. Bf3 Rg6 59. Bh5 Nf8 60. Bxg6 Nxg6 61. Qxg5 e6 62. Qf6+ Kh6 63. Kg2 Qe4+ 64. Kg1 Qe2 65. Rc1 Nb5 66. Rc8 Kh5 67. Rg8 Qe1+ 68. Kh2 Qe4 69. Rxg6 Qxg6 70. Qh4# 1-0


[Site "https://www.chess.com"]

[Event "Titled Tuesday Blitz July 20 2021"]
[White "Hryshchenko, Kamila"]
[Black "Gallana, Marco"]
[WhiteFideId "14147491"]
[BlackFideId "824542"]
[WhiteElo "1966"]
[BlackElo "2281"]
[Result "1-0"]
[Round "02"]
[TimeControl "180+1"]
[Date "2021.07.21"]
[WhiteClock "0:01:59"]
[BlackClock "0:02:15"]

1. e4 c5 2. Nf3 d6 3. d4 cxd4 4. Nxd4 Nf6 5. Nc3 a6 6. Bc4 e6 7. O-O Nbd7 8. Bxe6 fxe6 9. Nxe6 Qa5 10. Nd5 Kf7 11. Bd2 Qb5 12. Nec7 Qc6 13. Nxa8 Nxd5 14. Qh5+ g6 15. Qxd5+ Qxd5 16. exd5 Be7 17. Nc7 Nb6 18. Be3 Nc4 19. Bd4 Rf8 20. b3 Nd2 21. Rfe1 Bd8 22. Ne6 Re8 23. Nxd8+ Rxd8 24. Bc3 1-0


[Site "https://www.chess.com"]

[Event "Titled Tuesday Blitz July 20 2021"]
[White "Huynh, Ngoc Thuy Linh"]
[Black "Preotu, Razvan"]
[WhiteFideId "12403334"]
[BlackFideId "2613280"]
[WhiteElo "1780"]
[BlackElo "2407"]
[Result "1-0"]
[Round "02"]
[TimeControl "180+1"]
[Date "2021.07.20"]
[WhiteClock "0:00:22"]
[BlackClock "0:00:02"]

1. c4 g6 2. g3 Bg7 3. Bg2 c5 4. Nf3 Nc6 5. O-O d6 6. Nc3 Bf5 7. d3 Qd7 8. Re1 e5 9. Nd5 Nge7 10. Nh4 Be6 11. Bh6 Kf8 12. Nf6 Qd8 13. Qd2 Ng8 14. Nxg8 Kxg8 15. Rab1 Bf6 16. Nf3 Be7 17. h4 f6 18. a3 a5 19. Rf1 Kf7 20. Nh2 Nd4 21. f4 Nf5 22. fxe5 dxe5 23. Rf3 Qd4+ 24. Be3 Nxe3 25. Qxe3 Qxe3+ 26. Rxe3 Rab8 27. Rf1 Kg7 28. a4 Bd6 29. g4 h5 30. g5 f5 31. Nf3 f4 32. Rxe5 Bxe5 33. Nxe5 Rhf8 34. Rf2 b6 35. b3 Rbd8 36. Nf3 Bg4 37. Nd2 Rde8 38. Ne4 Re5 39. Bf3 Bxf3 40. Rxf3 Rff5 41. Kf2 Kf7 42. Nf6 Re3 43. Nd5 Rxf3+ 44. Kxf3 Ke6 45. Nxb6 Rf8 46. Nd5 Rb8 47. Nxf4+ Kf7 48. Ke4 Rxb3 49. Kd5 Rb4 50. Kxc5 Rxa4 51. e4 Ra1 52. e5 Rb1 53. e6+ Ke8 54. d4 a4 55. d5 a3 56. d6 Rd1 57. Nd5 a2 58. d7+ Kd8 59. Kd6 Re1 60. e7+ Rxe7 61. Nxe7 a1=Q 62. Nc6# 1-0


[Site "https://www.chess.com"]

[Event "Titled Tuesday Blitz July 20 2021"]
[White "Ivanov, Mike"]
[Black "Moskalenko, Alexander"]
[WhiteFideId "2613158"]
[BlackFideId "4155351"]
[WhiteElo "2197"]
[BlackElo "2495"]
[Result "0-1"]
[Round "02"]
[TimeControl "180+1"]
[Date "2021.07.20"]
[WhiteClock "0:00:05"]
[BlackClock "0:00:25"]

1. e4 c5 2. Nf3 Nc6 3. Bb5 Nf6 4. e5 Ng4 5. Bxc6 dxc6 6. d3 g6 7. Bf4 Bg7 8. h3 Nh6 9. Nc3 Nf5 10. Ne4 b6 11. Qd2 h6 12. c3 g5 13. Bh2 Qd5 14. g4 c4 15. gxf5 Bxf5 16. Qe3 cxd3 17. Nf6+ Bxf6 18. exf6 d2+ 19. Kf1 Bxh3+ 20. Ke2 Qb5+ 21. Qd3 Qxd3+ 22. Kxd3 Bg2 23. Nxd2 Bxh1 24. Rxh1 exf6 25. Ne4 O-O-O 26. Kc2 Rd5 27. Nxf6 Rf5 28. Ne4 Kd7 29. Rd1+ Ke7 30. Bd6+ Ke6 31. Re1 Kd7 32. Rd1 Rd5 33. Bh2 Rxd1 34. Kxd1 f5 35. Ng3 f4 36. Nh5 Ke6 37. f3 Kf5 38. Ke2 Re8+ 39. Kf2 Kg6 0-1


[Site "https://www.chess.com"]

[Event "Titled Tuesday Blitz July 20 2021"]
[White "Jakubowska, Anna"]
[Black "Krivonosov, Oleg"]
[WhiteFideId "1121952"]
[BlackFideId "11600349"]
[WhiteElo "2006"]
[BlackElo "2469"]
[Result "0-1"]
[Round "02"]
[TimeControl "180+1"]
[Date "2021.07.21"]
[WhiteClock "0:01:53"]
[BlackClock "0:02:10"]

1. e4 e5 2. Nc3 Nf6 3. g3 b6 4. Bg2 Bb7 5. d3 d5 6. exd5 Nxd5 7. Qf3 c6 8. Nxd5 cxd5 9. c4 Bb4+ 10. Kf1 O-O 11. cxd5 Na6 12. Ne2 Nc7 13. Nc3 Bxc3 14. bxc3 Bxd5 15. Qe2 Bxg2+ 16. Kxg2 Qd5+ 17. f3 Rad8 18. Rd1 Ne6 19. Be3 Rd7 20. Rd2 Rfd8 21. Rad1 h6 22. h4 Qa5 23. c4 Nd4 24. Bxd4 Rxd4 25. Qxe5 Qxe5 0-1


[Site "https://www.chess.com"]

[Event "Titled Tuesday Blitz July 20 2021"]
[White "Jarovinsky, Alexey"]
[Black "Terletsky, Oleg"]
[WhiteFideId "14115131"]
[BlackFideId "14116774"]
[WhiteElo "2446"]
[BlackElo "2094"]
[Result "1-0"]
[Round "02"]
[TimeControl "180+1"]
[Date "2021.07.21"]
[WhiteClock "0:01:26"]
[BlackClock "0:00:12"]

1. Nc3 d5 2. e4 d4 3. Nce2 c5 4. Ng3 e5 5. Bc4 Bd6 6. Nf3 Nc6 7. d3 Nge7 8. Ng5 Be6 9. Bxe6 fxe6 10. Nxe6 Qd7 11. Nxg7+ Kd8 12. N7f5 Kc7 13. O-O h5 14. Nxd6 Kxd6 15. f4 Rag8 16. fxe5+ Nxe5 17. Bf4 Nc6 18. Nf5+ Ke6 19. c3 h4 20. Qb3+ Kf6 21. cxd4 Nxd4 22. Nxd4 cxd4 23. Bxe5+ 1-0


[Site "https://www.chess.com"]

[Event "Titled Tuesday Blitz July 20 2021"]
[White "Jovic, Stanoje"]
[Black "Pichot, Alan"]
[WhiteFideId "905020"]
[BlackFideId "110973"]
[WhiteElo "2286"]
[BlackElo "2622"]
[Result "0-1"]
[Round "02"]
[TimeControl "180+1"]
[Date "2021.07.20"]
[WhiteClock "0:00:36"]
[BlackClock "0:01:04"]

1. c4 e6 2. g3 d5 3. Bg2 Nf6 4. Nf3 Be7 5. O-O O-O 6. d4 dxc4 7. Ne5 Nc6 8. Bxc6 bxc6 9. Nxc6 Qe8 10. Nxe7+ Qxe7 11. Na3 Rd8 12. Nxc4 c5 13. b3 Rxd4 14. Qc2 Ba6 15. Bb2 Rd5 16. e4 Rd7 17. Rad1 Rad8 18. Rxd7 Rxd7 19. Bxf6 Qxf6 20. Rd1 Rd4 21. Ne3 h5 22. Qxc5 Rxd1+ 23. Nxd1 Qf3 24. Qd4 e5 25. Qd8+ Kh7 26. Qd5 h4 27. gxh4 Qg4+ 28. Kh1 Be2 0-1


[Site "https://www.chess.com"]

[Event "Titled Tuesday Blitz July 20 2021"]
[White "Karthikeyan, Murali"]
[Black "Saravana, Krishnan P."]
[WhiteFideId "5074452"]
[BlackFideId "5018382"]
[WhiteElo "2730"]
[BlackElo "2461"]
[Result "1-0"]
[Round "02"]
[TimeControl "180+1"]
[Date "2021.07.21"]
[WhiteClock "0:00:15"]
[BlackClock "0:00:13"]

1. Nf3 d5 2. g3 g6 3. d4 Bg7 4. Bg2 Nf6 5. c4 dxc4 6. Nbd2 O-O 7. Nxc4 c5 8. O-O cxd4 9. Nxd4 Nd5 10. Nb5 e6 11. e4 a6 12. Nbd6 Ne7 13. a4 Nbc6 14. Be3 Rb8 15. a5 e5 16. Bb6 Qd7 17. f4 exf4 18. gxf4 Qg4 19. f5 gxf5 20. exf5 Qh4 21. Ra3 Bd4+ 22. Kh1 Bxb6 23. Nxb6 Kh8 24. Rg3 Rg8 25. Nxf7# 1-0


[Site "https://www.chess.com"]

[Event "Titled Tuesday Blitz July 20 2021"]
[White "Kassimov, Baurzhan"]
[Black "Le, Tuan Minh"]
[WhiteFideId "13704800"]
[BlackFideId "12401153"]
[WhiteElo "2234"]
[BlackElo "2450"]
[Result "0-1"]
[Round "02"]
[TimeControl "180+1"]
[Date "2021.07.20"]
[WhiteClock "0:00:02"]
[BlackClock "0:00:09"]

1. e4 c5 2. Nf3 Nf6 3. Nc3 d5 4. Bb5+ Bd7 5. e5 Bxb5 6. Nxb5 Qd7 7. Qe2 a6 8. exf6 Qxb5 9. Qe5 gxf6 10. Qxd5 Rg8 11. g3 e6 12. Qe4 Qc6 13. d3 f5 14. Qe2 Bg7 15. O-O Nd7 16. Rb1 Bf6 17. b4 Rc8 18. c4 Kf8 19. b5 axb5 20. Rxb5 Kg7 21. Bb2 Bxb2 22. Qxb2+ f6 23. Rxb7 Rb8 24. Rb1 Kh8 25. Nd2 Rbd8 26. Qb5 Qd6 27. Nf3 Qxd3 28. Qc6 Qe4 29. Qxe4 fxe4 30. Nh4 Ne5 31. Rc7 Rg7 32. Rxg7 Kxg7 33. Rb7+ Kh6 34. Re7 Rd6 35. a4 Ra6 36. Rc7 Ra5 37. Rxc5 Rxc5 0-1


[Site "https://www.chess.com"]